Map: King's Cove LE

Players

Harstem

  • Race: Protoss Protoss
  • League: Grandmaster
  • Spawn Location: 5:00

soO - Winner!

  • Race: Zerg Zerg
  • Spawn Location: 11:00

Event: HomeStory Cup XIX

VOD

Have the link to the VOD?

Description

Time

  • Played on: June 29, 2019, 12:44 p.m.
  • Length: 22:39

All games in this series

Show
View Real Time Build Order
Export as new Build Order

Harstem Protoss 

Build Orders: Oracle Opening, Zealot Archon, Archon Drop 

Get SALT Encoding   

  12  0:00  Probe  
  13  0:12  Probe  
  14  0:18  Pylon  
  14  0:24  Probe  
  15  0:32  Probe  
  15  0:40  Probe, Gateway  
  16  0:49  Assimilator  
  17  0:51  Probe  
  18  1:03  Probe  
  19  1:15  Probe  
  20  1:21  Zealot  
  20  1:29  Pylon  
  20  1:31  Cybernetics Core  
  20  1:32  Probe  
  23  1:47  Probe  
  24  1:59  Adept  
  24  2:14  Nexus  
  27  2:25  Pylon  
  27  2:31  Adept  
  27  2:32  Probe  
  29  2:37  Assimilator  
  29  2:44  Probe  
  30  2:54  Stalker  
  30  2:56  Probe  
  33  3:06  Stargate  
  33  3:08  Probe  
  34  3:21  Probe  
  34  3:23  Warp Gate  
  35  3:27  Probe  
  35  3:33  Probe  
  37  3:40  Probe  
  38  3:42  Oracle  
  38  3:45  Probe  
  39  3:52  Probe, Gateway  
  43  3:57  Probe  
  43  4:00  Robotics Facility  
  44  4:04  Probe  
  44  4:09  Probe  
  46  4:16  Probe  
  47  4:18  Twilight Council  
  47  4:21  Probe  
  47  4:22  Assimilator  
  48  4:25  Assimilator  
  49  4:33  Probe  
  49  4:34  Gateway  
  49  4:36  Gateway, Pylon  
  49  4:37  Probe  
  50  4:42  Warp Prism  
  51  4:45  Probe  
  51  4:49  Probe  
  52  4:57  Probe, Templar Archives  
  55  5:03  Probe, Pylon  
  56  5:10  Probe  
  56  5:11  Pylon  
  57  5:22  Probe  
  58  5:29  Probe, Nexus  
  58  5:34  Probe  
  58  5:35  Pylon  
  60  5:42  Probe  
  61  5:47  High Templar x2  
  61  5:48  High Templar x2  
  61  5:49  Probe  
  70  5:51  Pylon  
  70  5:52  Observer, Archon x2  
  71  6:02  Immortal  
  71  6:04  Forge, Probe x2  
  72  6:05  Gateway  
  73  6:12  Gateway  
  73  6:17  Probe  
  73  6:18  Probe  
  77  6:23  Sentry  
  81  6:25  Probe  
  81  6:26  Probe  
  81  6:30  Assimilator  
  83  6:33  Assimilator, Probe  
  83  6:35  Probe  
  83  6:39  Probe  
  85  6:45  Probe  
  88  6:47  Probe, Protoss Ground Weapons Level 1  
  88  6:50  Probe, Immortal  
  92  6:57  Probe, Pylon  
  92  6:59  Probe x2  
  95  7:05  Sentry  
  95  7:07  Charge, Probe  
  98  7:10  Probe  
  98  7:11  Probe  
  100  7:16  Phoenix  
  100  7:17  Probe  
  100  7:22  Gateway x2  
  103  7:24  Shield Battery x2  
  103  7:28  Shield Battery  
  103  7:31  Psionic Storm, Warp Prism  
  101  7:44  Probe, High Templar  
  101  7:45  High Templar  
  101  7:48  Pylon  
  106  7:51  Archon  
  106  7:57  Zealot x3  
  108  8:02  Phoenix  
  108  8:03  Probe  
  106  8:06  Probe  
  106  8:10  High Templar  
  106  8:11  Probe  
  109  8:13  Pylon  
  109  8:19  Phoenix  
  107  8:22  Stalker x4, Probe  
  107  8:23  Probe  
  107  8:24  Probe  
  113  8:34  Probe  
  114  8:36  Probe x2  
  113  8:42  Phoenix  
  113  8:46  Probe  
  116  8:49  High Templar x3  
  116  8:51  Probe x2  
  116  8:53  Zealot x2  
  116  8:54  Zealot x2  
  116  8:55  Photon Cannon  
  130  8:59  Phoenix  
  130  9:00  Probe  
  129  9:03  Photon Cannon  
  129  9:05  Photon Cannon, Protoss Ground Weapons Level 2  
  128  9:17  Probe  
  128  9:22  Pylon  
  129  9:25  Pylon  
  129  9:28  Photon Cannon  
  129  9:30  Immortal  
  129  9:34  Protoss Air Weapons Level 1  
  129  9:35  High Templar x2  
  133  9:40  Probe  
  133  9:42  Zealot  
  133  9:45  Probe  
  141  9:47  Pylon  
  133  9:56  Zealot x5  
  141  10:04  Sentry  
  141  10:07  Immortal  
  143  10:13  Zealot x2  
  130  10:16  Probe  
  130  10:18  Zealot x3  
  141  10:22  Sentry  
  143  10:29  High Templar x2  
  143  10:33  Shield Battery  
  143  10:35  Shield Battery  
  147  10:37  Archon  
  147  10:38  High Templar  
  147  10:40  Zealot x4  
  157  10:52  Pylon  
  157  10:53  Pylon  
  157  10:54  Fleet Beacon  
  153  10:57  Zealot  
  153  11:03  High Templar  
  157  11:06  Stargate  
  157  11:13  Pylon x2  
  153  11:28  Mothership  
  153  11:31  Zealot x3  
  153  11:32  Zealot x2  
  162  11:34  Zealot  
  147  11:41  Zealot  
  147  11:45  Cybernetics Core  
  147  11:46  Gateway  
  149  11:54  Zealot x3  
  163  11:59  Probe, Zealot x3  
  156  12:01  Probe  
  156  12:04  Archon  
  156  12:07  Probe  
  144  12:10  Zealot  
  144  12:13  Probe  
  133  12:16  Probe  
  127  12:25  Probe  
  127  12:28  Probe  
  127  12:34  High Templar  
  127  12:35  High Templar x3, Warp Prism  
  127  12:36  High Templar x2  
  139  12:37  Probe  
  139  12:38  High Templar  
  139  12:39  Archon  
  139  12:40  Probe  
  139  12:41  Archon  
  143  12:50  Probe, Zealot  
  148  12:52  Probe, Archon  
  147  13:02  Probe  
  147  13:04  Probe  
  147  13:12  Pylon  
  147  13:14  Probe, Pylon  
  147  13:16  Probe, High Templar x2, Gateway  
  147  13:17  Cybernetics Core  
  153  13:32  Archon  
  153  13:33  Zealot  
  155  13:38  Nexus  
  153  13:46  Zealot x2  
  153  13:47  Zealot x2  
  160  13:48  Probe  
  160  13:51  Probe  
  161  13:56  Pylon  
  161  14:08  High Templar x2  
  165  14:14  Tempest x2  
  167  14:17  Archon  
  167  14:22  Probe, Gateway  
  168  14:25  High Templar x2  
  172  14:34  Protoss Ground Weapons Level 3  
  172  14:36  Zealot  
  172  14:37  Zealot x2  
  176  14:45  Zealot x2  
  180  14:46  Observer  
  180  14:47  Probe x3  
  184  15:00  Probe  
  184  15:02  Assimilator, Tempest x2  
  184  15:03  Gateway, Pylon  
  185  15:08  Assimilator  
  183  15:21  High Templar  
  183  15:22  Zealot, High Templar x3  
  167  15:40  Zealot  
  151  15:48  Zealot  
  151  15:49  Probe  
  150  15:51  Tempest  
  150  15:55  Probe  
  150  15:56  Probe x2  
  158  16:01  Probe  
  158  16:02  Photon Cannon  
  158  16:04  Photon Cannon  
  157  16:08  High Templar, Pylon  
  157  16:09  High Templar x3  
  157  16:11  Pylon x2  
  165  16:14  Photon Cannon, Archon x2  
  165  16:16  Shield Battery  
  164  16:18  Observer  
  164  16:20  Probe  
  164  16:24  Pylon  
  164  16:25  Oracle  
  165  16:31  Gateway  
  166  16:35  Protoss Air Weapons Level 2  
  166  16:36  Gateway  
  166  16:39  Photon Cannon, High Templar x2  
  165  16:47  Tempest  
  165  16:50  Tempest  
  165  16:53  Archon x2  
  148  16:59  Warp Prism  
  135  17:04  Probe  
  143  17:20  Tempest  
  143  17:21  High Templar  
  143  17:22  High Templar  
  147  17:24  Tempest  
  143  17:32  Zealot x2  
  143  17:35  Zealot x2  
  161  17:50  Nexus  
  157  17:52  Zealot x5  
  157  17:56  High Templar x2  
  157  17:57  Zealot  
  166  18:01  Archon, Tempest  
  166  18:06  Mothership  
  168  18:23  Zealot x6  
  168  18:24  Zealot  
  180  18:31  Oracle  
  180  18:32  Observer  
  175  18:45  Zealot x5  
  188  18:59  Observer  
  187  19:02  Nexus  
  187  19:14  Void Ray x2  
  185  19:23  Warp Prism  
  183  19:28  Pylon  
  167  19:57  Tempest x2  
  165  20:35  Void Ray x2  
  145  21:00  Probe  
  145  21:02  Zealot x4  
  145  21:03  Zealot x2  
  157  21:12  Void Ray x2  
  163  21:22  Nexus  
  163  21:23  High Templar x2  
  157  21:27  Zealot x2  
  159  21:39  Shield Battery  
  159  21:40  Shield Battery  
  159  21:43  Shield Battery  
  155  21:55  Archon  
  151  22:17  Archon  
  98  22:33  Zealot x7  
Show
View Real Time Build Order
Export as new Build Order

soO Zerg - Winner!

Build Orders: 3 Hatch before Pool, Brood Lord Corruptor, Muta Ling Bane 

Get SALT Encoding   

  12  0:00  Drone  
  13  0:12  Overlord  
  13  0:17  Drone  
  14  0:30  Drone x2  
  14  0:34  Drone  
  17  0:52  Hatchery  
  17  0:56  Drone  
  17  1:00  Drone  
  18  1:21  Hatchery  
  18  1:23  Drone  
  18  1:27  Drone  
  19  1:37  Extractor  
  18  1:42  Spawning Pool  
  18  1:45  Drone  
  18  1:49  Drone  
  18  1:51  Drone  
  20  2:00  Drone  
  22  2:10  Drone x2, Hatchery  
  23  2:20  Drone  
  24  2:27  Overlord  
  24  2:29  Queen  
  26  2:34  Queen  
  27  2:38  Drone  
  27  2:42  Metabolic Boost  
  28  2:46  Drone  
  28  2:48  Zergling x2  
  30  2:51  Zergling x2  
  30  2:55  Drone  
  30  2:57  Drone  
  33  2:59  Zergling x2  
  33  3:05  Queen  
  36  3:17  Overlord  
  36  3:22  Queen  
  36  3:23  Drone  
  36  3:24  Drone  
  40  3:29  Overlord  
  40  3:33  Drone  
  41  3:38  Drone x2  
  41  3:40  Zergling x4  
  45  3:45  Queen  
  45  3:46  Drone  
  45  3:47  Overlord  
  48  3:50  Drone x2  
  48  3:53  Drone  
  48  3:55  Drone  
  52  3:58  Drone x2  
  52  4:02  Drone  
  55  4:06  Drone x2  
  57  4:10  Lair  
  57  4:15  Drone x3  
  60  4:17  Extractor x2  
  60  4:23  Drone, Roach Warren  
  58  4:27  Drone x2  
  58  4:30  Drone  
  62  4:31  Drone x3  
  62  4:34  Spore Crawler  
  62  4:36  Spore Crawler  
  62  4:39  Spore Crawler  
  62  4:42  Drone x3  
  64  4:46  Drone x2  
  63  4:54  Drone x2  
  63  4:57  Overlord  
  63  4:58  Drone  
  66  5:08  Overlord  
  66  5:09  Overseer  
  66  5:13  Overlord  
  66  5:18  Drone x3, Glial Reconstitution  
  66  5:20  Drone x3  
  71  5:23  Drone x2  
  71  5:25  Extractor  
  71  5:27  Drone, Extractor  
  71  5:28  Drone  
  73  5:29  Drone  
  73  5:32  Roach x3  
  80  5:41  Drone x3, Spire  
  82  5:50  Overseer  
  82  5:53  Roach x3  
  88  6:00  Drone  
  88  6:01  Extractor  
  88  6:02  Overlord  
  88  6:04  Overlord  
  88  6:07  Overlord  
  88  6:20  Drone  
  88  6:21  Hatchery  
  88  6:22  Drone x3  
  88  6:23  Roach x7  
  105  6:37  Drone  
  105  6:38  Roach x3  
  105  6:39  Evolution Chamber  
  111  6:41  Overlord  
  111  6:43  Overlord  
  111  6:45  Drone x2  
  111  6:46  Overlord  
  113  6:56  Overlord  
  113  7:01  Mutalisk x4  
  113  7:05  Mutalisk x3  
  127  7:12  Mutalisk x3  
  127  7:13  Drone  
  127  7:14  Drone x2  
  136  7:16  Overseer  
  136  7:19  Baneling Nest  
  136  7:21  Extractor  
  134  7:25  Drone x5  
  134  7:27  Extractor  
  138  7:36  Overseer  
  138  7:40  Drone  
  138  7:42  Drone  
  138  7:43  Drone x2, Zerg Melee Weapons Level 1  
  142  7:44  Hydralisk Den  
  139  7:54  Drone  
  139  7:56  Zergling x22  
  151  8:07  Overlord x2  
  151  8:08  Overlord x2  
  151  8:13  Centrifical Hooks, Overlord  
  151  8:14  Grooved Spines  
  151  8:29  Hydralisk x12  
  173  8:39  Hydralisk x2  
  173  8:40  Hydralisk, Zergling x4  
  175  8:50  Zergling x16  
  183  8:59  Overlord x2  
  183  9:04  Overlord  
  183  9:18  Hydralisk x3, Zergling x2  
  183  9:19  Zergling x18  
  199  9:25  Muscular Augments, Hatchery  
  199  9:29  Baneling  
  199  9:30  Baneling x10  
  198  9:31  Baneling x5  
  198  9:32  Baneling  
  198  9:33  Baneling  
  198  9:34  Baneling x12  
  191  9:54  Zergling x20  
  192  10:13  Zergling x30  
  182  10:20  Baneling x15, Drone x3  
  181  10:27  Drone x3  
  181  10:28  Zerg Melee Weapons Level 2  
  184  10:31  Infestation Pit  
  184  10:32  Baneling x5  
  183  10:42  Drone x3  
  186  10:44  Zergling x14  
  192  10:57  Overseer  
  192  10:59  Zergling x16  
  192  11:04  Baneling x9  
  200  11:06  Overseer  
  200  11:07  Spine Crawler  
  200  11:10  Pneumatized Carapace, Hive  
  190  11:32  Zergling x2  
  190  11:37  Zergling x8  
  190  11:38  Zergling x6  
  190  11:39  Zergling x6  
  186  11:43  Baneling x5  
  185  11:47  Zergling x26  
  188  12:06  Zergling x18  
  184  12:13  Zergling x8  
  170  12:18  Zergling x2  
  170  12:21  Baneling x17  
  163  12:24  Adrenal Glands  
  163  12:31  Baneling x10  
  163  12:38  Greater Spire  
  163  12:39  Drone x2  
  163  12:41  Spine Crawler  
  163  12:43  Spine Crawler  
  163  12:50  Hatchery  
  161  12:56  Zergling x42  
  161  12:57  Zergling x2  
  181  13:00  Overseer  
  179  13:08  Zerg Melee Weapons Level 3  
  179  13:09  Corruptor x7  
  179  13:10  Corruptor  
  196  13:20  Drone x3  
  196  13:22  Baneling x5  
  191  13:48  Baneling x14  
  190  13:50  Extractor  
  190  13:52  Brood Lord x5  
  198  14:07  Brood Lord  
  198  14:16  Brood Lord x2  
  195  14:23  Corruptor x2  
  197  14:27  Baneling x4  
  197  14:28  Baneling x3  
  197  14:30  Overseer x2  
  199  14:44  Corruptor x2  
  199  14:47  Overseer x3  
  199  14:48  Overseer  
  199  15:00  Baneling  
  199  15:01  Baneling x6  
  199  15:03  Overseer  
  199  15:06  Baneling x3  
  199  15:20  Extractor  
  197  15:22  Extractor  
  160  15:33  Corruptor x15  
  160  15:35  Zergling x18  
  180  15:36  Overseer x5  
  180  15:40  Corruptor x3  
  180  15:41  Corruptor x3  
  180  15:42  Zergling x30  
  183  15:59  Corruptor x6  
  193  16:13  Brood Lord  
  195  16:21  Baneling  
  195  16:24  Overlord  
  195  16:28  Overlord  
  195  16:33  Baneling x7  
  195  16:41  Overlord  
  171  17:01  Hydralisk x5  
  161  17:02  Zergling x18  
  161  17:03  Brood Lord x6  
  192  17:15  Brood Lord x2  
  196  17:16  Brood Lord  
  196  17:19  Brood Lord  
  199  17:34  Overseer  
  199  17:35  Overseer x2  
  199  17:39  Spine Crawler  
  199  17:41  Baneling x2, Spine Crawler x2  
  199  17:42  Baneling x2, Spine Crawler  
  192  17:59  Baneling x3  
  192  18:00  Zergling x16  
  192  18:28  Corruptor x4  
  196  18:37  Zerg Flyer Weapons Level 1  
  196  18:46  Zerg Missile Weapons Level 1  
  196  18:51  Baneling x7  
  196  18:54  Hatchery  
  195  19:16  Zergling x10  
  200  19:24  Spine Crawler, Spore Crawler  
  200  19:25  Spine Crawler  
  193  19:37  Corruptor x3  
  199  19:38  Baneling  
  199  19:39  Baneling x2  
  199  19:43  Spine Crawler  
  199  19:44  Spine Crawler  
  195  19:51  Zergling x6  
  179  20:10  Zergling x22  
  184  20:23  Baneling x3  
  184  20:30  Drone x2  
  184  20:33  Spine Crawler  
  184  20:35  Baneling x9  
  177  21:01  Baneling  
  177  21:02  Baneling x8  
  177  21:03  Corruptor x11  
  179  21:11  Spire  
  198  21:41  Spine Crawler x2  
  198  21:42  Extractor, Spine Crawler  
Tags
 
Add a new tag
Caveats
  • Supply blocks, unpowered buildings, or Contaminate may cause inaccurate times.
  • Supply counts are checked every 10 seconds.